 Seeded DCSS version 0.28.0-43-g3370ac3207 (webtiles) character file.

Game seed: 7121082916606783627 (custom seed)

28 gzilladon the Chopper (level 3, 0/33 HPs)
             Began as a Hill Orc Monk on Mar 30, 2022.
             Was a Believer of Beogh.
             Slain by a worm (8 damage)
             ... on level 1 of the Dungeon.
             The game lasted 00:03:56 (976 turns).

gzilladon the Chopper (Hill Orc Monk)                Turns: 976, Time: 00:03:56

Health: 0/33       AC:  5    Str: 15    XL:     3   Next: 14%
Magic:  3/3        EV: 11    Int: 10    God:    Beogh [**....]
Gold:   68         SH:  0    Dex: 13    Spells: 2/2 levels left

rFire   . . .      SeeInvis .   a - +0 hand axe
rCold   . . .      Faith    .   (no shield)
rNeg    . . .      Spirit   .   f - +0 ring mail
rPois   .          Reflect  .   (no helmet)
rElec   .          Harm     .   (no cloak)
rCorr   .          Rampage  .   (no gloves)
Will    .....                   (no boots)
Stlth   +.........              (no amulet)
HPRegen 0.11/turn               (no ring)
MPRegen 0.08/turn               (no ring)

@: no status effects
A: no striking features
a: Renounce Religion, Smiting


You were on level 1 of the Dungeon.
You worshipped Beogh.
Beogh was pleased with you.
You visited 1 branch of the dungeon, and saw 3 of its levels.

You collected 68 gold pieces.

Inventory:

Hand Weapons
 a - a +0 hand axe (weapon)
Missiles
 c - 25 stones (quivered)
 h - 5 poisoned darts
Armour
 b - a +0 robe
 d - a +0 leather armour
 f - a +0 ring mail (worn)
Scrolls
 e - a scroll of immolation {unknown}
 g - a scroll of teleportation {unknown}
 i - a scroll of torment {unknown}
 j - 2 scrolls of identify {unknown}
Potions
 k - a potion of attraction {unknown}


   Skills:
 + Level 3.7 Fighting
 * Level 5.1 Axes
 + Level 0.3 Armour
 - Level 2.7 Dodging
 - Level 1.5 Stealth
 * Level 0.2 Invocations


You had 2 spell levels left.
You didn't know any spells.
Your spell library was empty.

Dungeon Overview and Level Annotations

Branches:
Dungeon (3/15)

Altars:

Shops:
D:1 *


Message History

The kobold closely misses you.
You barely miss the kobold.
The kobold is severely wounded.
You hit the endoplasm. You barely miss the ball python.
The ball python closely misses you. The ball python constricts you.
The endoplasm hits you but does no damage.
The kobold hits you but does no damage.
You closely miss the kobold.
The kobold is severely wounded.
You hit the ball python. You hit the endoplasm.
You kill the endoplasm!
Beogh accepts your kill. The ball python barely misses you.
The ball python constricts you. The ball python bites you.
The ball python constricts you. The kobold hits you but does no damage.
You hit the kobold.
You kill the kobold!
Beogh accepts your kill.
You hit the ball python.
You kill the ball python!
Beogh accepts your kill.
There is a stone staircase leading up here.
You climb upwards.
There is a stone staircase leading down here.
You hit the worm but do no damage. The worm bites you!
You hit the worm.
The worm is lightly wounded.
You hit the worm.
The worm is moderately wounded.
The worm bites you!
* * * LOW HITPOINT WARNING * * *
You hit the worm.
The worm is heavily wounded.
The worm completely misses you.
You barely miss the worm.
The worm is heavily wounded.
You hit the worm.
The worm is severely wounded.
The worm bites you!
You die...

...# ...# ...#
############ ...#
#..........# ...#
#..........# ...#
#..........# #..#
#..........#
#..#######
#..........#
#..##....#
#..w@......#
#.###....#
#..[.......#
#........#
#..........#
#........#
#..........#
###.#....#
######..#### #
#.####.#### #..# #
#.# #....# ##..# #
#.# #.##.# #...## #
#.####.##.#####.#..#


You could see a worm.

Vanquished Creatures
  3 ball pythons (D:2)
  2 bats (D:1)
  2 endoplasms
  A giant cockroach (D:1)
  5 goblins
  2 hobgoblins (D:1)
  4 quokkas (D:1)
  A frilled lizard (D:3)
  2 kobolds
  A rat (D:1)
23 creatures vanquished.

Vanquished Creatures (others)
  A howler monkey zombie (D:3)
  An orc (D:3)
  A hobgoblin (D:3)
  A plant (D:1)
  7 toadstools (D:3)
11 creatures vanquished.

Grand Total: 34 creatures vanquished

Notes
Turn   | Place    | Note
-------+----------+-------------------------------------------
     0 | D:1      | gzilladon the Hill Orc Monk began the quest for the Orb.
     0 | D:1      | Reached XP level 1. HP: 19/19 MP: 1/1
   129 | D:3      | Noticed an orc priest
   130 | D:3      | Noticed an orc priest
   130 | D:3      | Noticed an orc priest
   131 | D:3      | Became a worshipper of Beogh the Brigand
   131 | D:3      | Reached * piety under Beogh
   131 | D:3      | Reached ** piety under Beogh
   351 | D:2      | Reached XP level 2. HP: 27/27 MP: 2/2
   622 | D:1      | Found Rirorouf's Assorted Antiques.
   773 | D:1      | Reached XP level 3. HP: 25/33 MP: 3/3
   785 | D:1      | Reached skill level 5 in Axes
   976 | D:1      | Slain by a worm

Illustrated notes

Levels and vault maps discovered:
D:1:      minmay_arrival_plants_in_alcoves, layout_rooms, serial_shops, shop,
          chequers_serial_rivers_large_b
D:2:      layout_rooms, hellmonk_ecumenical_altar_leap_of_faith,
          minmay_door_square, nicolae_concentric_dashed_squares_mild
D:3:      cheibrodos_fertilizer, layout_basic, lemuel_tele_altar,
          lemuel_zombie_altar_yredelemnul, serial_shops,
          nicolae_shop_behind_doors, serial_rivers,
          chequers_serial_rivers_small_a, chequers_serial_rivers_micro_c,
          chequers_serial_rivers_room_a, chequers_serial_rivers_micro_e,
          chequers_serial_rivers_small_a, kennysheep_generic_room_9

Skill      XL: |  1  2  3 |
---------------+----------+-----
Axes           | 5 |  5.1
Fighting       | |  3.7
Armour         | |  0.3
Dodging        | |  2.7
Stealth        | |  1.5
Invocations    | |  0.2

Action                   || total
-------------------------++-------
Melee: Hand axe          ||    76
       Punch             ||     1
Invok: Convert to Beogh  ||     1
Armor: Leather armour    ||     8
       Ring mail         ||    23
Dodge: Dodged            ||    35
